 Dungeon Crawl Stone Soup version 0.31-a0-236-g9a0961fb85 (webtiles) character file.

Game seed: 1051638469191888529

55 qw the Shooter (level 3, -1/21 HPs)
             Began as a Gargoyle Hexslinger on July 10, 2023.
             Slain by a cerulean imp
             ... wielding a +1 spear
             ... summoned by Natasha
              (4 damage)
             ... on level 2 of the Dungeon.
             The game lasted 00:00:36 (1366 turns).

qw the Shooter (Gargoyle Hexslinger)                Turns: 1366, Time: 00:00:37

Health: -1/21      AC:  7    Str: 11    XL:     3   Next: 93%
Magic:  4/4        EV: 11    Int: 13    God:
Gold:   66         SH:  0    Dex: 14    Spells: 3/4 levels left

rFire   . . .        Y - +1 sling
rCold   + . .        (no shield)
rNeg    + . .        b - +0 leather armour
rPois   inf          (no helmet)
rElec   +            h - +0 cloak
rCorr   .            (no gloves)
SInv    .            (no boots)
Will    .....        (no amulet)
Stlth   +            j - ring of protection from cold
HPRegen 0.23/turn    (no ring)
MPRegen 0.09/turn

%: no passive effects
@: no status effects
A: sickness immunity, AC +3, negative energy resistance 1, electricity
resistance, torment resistance 1, petrification resistance
a: no special abilities


You were on level 2 of the Dungeon.
You visited 1 branch of the dungeon, and saw 2 of its levels.

You collected 66 gold pieces.


Innate Abilities, Weirdness & Mutations

You are immune to sickness and miasma.
Your stone body is resilient. (AC +3)
You are immune to poison.
You resist negative energy. (rN+)
You are resistant to electric shocks. (rElec)
You are resistant to unholy torment.
You are immune to petrification.


   Skills:
 - Level 2.0 Fighting
 + Level 3.7 Ranged Weapons
 - Level 1.5 Dodging
 - Level 1.0 Spellcasting
 - Level 2.6 Hexes


You had 3 spell levels left.
You knew the following spells:

 Your Spells              Type           Power      Damage    Failure   Level
a - Slow                  Hex            28%        N/A       12%         1

Your spell library contained the following spells:

 Spells                   Type           Power      Damage    Failure   Level
 Inner Flame              Hex/Fire       4%         N/A       54%         3
 Portal Projectile        Hex/Tloc       8%         N/A       54%         3
 Cause Fear               Hex            3%         N/A       77%         4

Inventory:

Hand Weapons
 Y - a +1 sling (weapon)
Armour
 a - a +0 pair of boots
 b - a +0 leather armour (worn)
 h - a +0 cloak (worn)
Jewellery
 c - a ring of protection from cold
 e - a ring of protection from fire
 j - a ring of protection from cold (left hand)
Scrolls
 k - a scroll of vulnerability {unknown}
Potions
 d - a potion of degeneration {unknown}
 f - a potion of attraction {unknown}
 g - 2 potions of curing {unknown}
 i - a potion of resistance {unknown}

Dungeon Overview and Level Annotations

Branches:
Dungeon (2/15)

Altars:

Annotations:
D:2 Natasha


Message History

You shoot a sling bullet.
The sling bullet closely misses the cerulean imp.
The sling bullet hits the cerulean imp.
The cerulean imp is severely wounded.
The cerulean imp hits you from afar with a +3 spear.
You shoot a sling bullet.
The sling bullet closely misses the cerulean imp.
The sling bullet hits the cerulean imp but does no damage.
The cerulean imp is severely wounded.
The cerulean imp barely misses you.
You shoot a sling bullet. The sling bullet hits the cerulean imp.
The cerulean imp is severely wounded.
The cerulean imp disappears in a puff of smoke!
Natasha casts a spell.
The cerulean imp hits you but does no damage.
You shoot a sling bullet. The sling bullet hits the cerulean imp.
You kill the cerulean imp!
The cerulean imp disappears in a puff of smoke!
Natasha mumbles some strange words.
You shoot a sling bullet.
The sling bullet closely misses the cerulean imp.
The cerulean imp completely misses you.
You shoot a sling bullet.
The sling bullet barely misses the cerulean imp.
The cerulean imp misses you. Natasha claws you.
The cerulean imp hits you but does no damage.
You shoot a sling bullet. The sling bullet barely misses Natasha.
The sling bullet barely misses the cerulean imp.
The sling bullet hits the cerulean imp.
The cerulean imp is moderately wounded.
The cerulean imp closely misses you. Natasha closely misses you.
The cerulean imp barely misses you.
You shoot a sling bullet. The sling bullet hits Natasha.
Natasha is lightly wounded.
The cerulean imp disappears in a puff of smoke!
The cerulean imp closely misses you.
Natasha casts a spell.
The cerulean imp misses you.
The cerulean imp hits you with a +1 spear.
You die...

#..........# # ..#
#..........# #. #.#
##......##### #=. #.#
#......## #.# #.# #......#
#..##.# #......##
#..#5###.##....######
#.5h....##..#.......
#@#............###
#5..####.#.....<..
##..####...........
#..................
######.............####.
#######........####.......###.
#.............## #........##.
#........##...# ##...#..#....
#........##.### >#...##.###..


You could see Natasha and 3 cerulean imps.

Vanquished Creatures
  An adder (D:2)
  A dart slug (D:1)
  6 bats
  10 endoplasms
  3 giant cockroaches
  A goblin (D:2)
  4 hobgoblins
  3 kobolds
  A quokka (D:1)
  9 ball pythons
  2 rats (D:1)
41 creatures vanquished.

Notes
Turn   | Place    | Note
-------+----------+-------------------------------------------
     0 | D:1      | qw the Gargoyle Hexslinger began the quest for the Orb.
     0 | D:1      | Reached XP level 1. HP: 12/12 MP: 2/2
     0 | D:1      | 0 ||| qw: Version: 0.3-a-52-g30416fa
     0 | D:1      | 0 ||| qw: Game counter: 4892
     0 | D:1      | 0 ||| qw: Melee chars always use a shield: true
     0 | D:1      | 0 ||| qw: God list: Okawaru
     0 | D:1      | 0 ||| qw: Allow faded altars: false
     0 | D:1      | 0 ||| qw: Do Orc after clearing Dungeon:15 true
     0 | D:1      | 0 ||| qw: Do second Lair branch before Depths: true
     0 | D:1      | 0 ||| qw: Lair rune preference: random
     0 | D:1      | 0 ||| qw: Goals: Normal
     0 | D:1      | 0 ||| PLANNING D:1-11
   136 | D:1      | Reached XP level 2. HP: 16/16 MP: 3/3
   155 | D:1      | Reached skill level 3 in Ranged Weapons
   158 | D:1      | 158 ||| DROPPING scroll of poison.
   189 | D:1      | Found a faded altar of an unknown god.
   459 | D:1      | Reached XP level 3. HP: 21/21 MP: 4/4
   945 | D:1      | 945 ||| UPGRADING to +0 leather armour.
   955 | D:1      | 955 ||| DROPPING +0 robe.
   956 | D:1      | 956 ||| UPGRADING to +0 cloak.
   961 | D:1      | 961 ||| UPGRADING to ring of protection from cold.
   962 | D:1      | 962 ||| READING scroll labelled INAD UMMIAHEI.
   963 | D:1      | 963 ||| READING 2 scrolls labelled MUUZ UQACRULU.
   964 | D:1      | 964 ||| DROPPING scroll of blinking.
  1344 | D:2      | Noticed Natasha
  1359 | D:2      | HP: 4/21 [cerulean imp/+3 spear[Natasha] (5)]
  1364 | D:2      | HP: 2/21 [Natasha (3)]
  1366 | D:2      | Slain by a cerulean imp

Levels and vault maps discovered:
D:1:      shiori_arrival_elements, layout_loops_corners,
          nicolae_ecumenical_snake_handling, grunt_decor_arrowhead,
          minmay_surrounded
D:2:      layout_rooms, uniq_natasha

Skill      XL: |  1  2 |
---------------+-------+-----
Ranged Weapons | 3 |  3.7
Fighting       | 2 |  2.0
Dodging        | |  1.5
Spellcasting   | |  1.0
Hexes          | |  2.6

Action                     || total
---------------------------++-------
   Fire: Sling             ||   156
    Use: Scroll            ||     2
 Armour: Robe              ||    10
         Leather armour    ||    15
  Dodge: Dodged            ||    48

Table legend:
 A = Non-vault XP
 B = Vault XP
 C = Vault XP percentage of total XP
 D = Non-vault monster count
 E = Vault monster count
 F = Vault count percentage of total count
                 A         B        C        D         E       F
            +---------+---------+-------+---------+---------+-------
      Total |      66 |      13 |  16.5 |      34 |       7 |  17.1
            +---------+---------+-------+---------+---------+-------
        D:1 |      36 |      13 |  26.5 |      22 |       7 |  24.1
        D:2 |      30 |       0 |   0.0 |      12 |       0 |   0.0
            +---------+---------+-------+---------+---------+-------
